 Dungeon Crawl Stone Soup version 0.28-a0-1524-ge72afd5fc6 (webtiles) character file.

Game seed: 1335876400074169715

2977 sizableburger the Skirmisher (level 9, 0/72 HPs)
             Began as a Mummy Abyssal Knight on Jan 18, 2022.
             Was an Elder of Lugonu.
             Killed from afar by a steam dragon (28 damage)
             ... with a ball of steam
             ... on level 8 of the Dungeon.
             The game lasted 00:23:59 (12282 turns).

sizableburger the Skirmisher (MuAK)                Turns: 12282, Time: 00:24:00

Health: 0/72       AC: 10    Str: 16    XL:     9   Next: 53%
Magic:  13/13      EV:  9    Int: 14    God:    Lugonu [****..]
Gold:   168        SH:  5    Dex: 12    Spells: 8/8 levels left

rFire   x . .      SeeInvis .   t - +7 flail
rCold   + + +      Faith    .   n - +2 buckler {rC+}
rNeg    + + +      Spirit   .   h - +0 scale mail
rPois   ∞          Reflect  .   b - +1 helmet
rElec   .          Harm     .   d - scarf {shadows}
rCorr   .          Rampage  .   l - +0 pair of gloves
Will    +....                   (no boots)
Stlth   ..........              (no amulet)
HPRegen 0.22/turn               k - ring of protection from cold
MPRegen 0.13/turn               (no ring)

@: no status effects
A: cold resistance 1, negative energy resistance 3, torment resistance 2, heat
vulnerability 1, no potions
a: Renounce Religion, Depart the Abyss, Bend Space, Banish, Corrupt


You were on level 8 of the Dungeon.
You worshipped Lugonu.
Lugonu was greatly pleased with you.
You visited 1 branch of the dungeon, and saw 8 of its levels.
You visited the Abyss 1 time.

You collected 385 gold pieces.
You spent 217 gold pieces at shops.

Inventory:

Hand Weapons
 a - a +1 mace
 c - a +2 whip of draining
 t - a +7 flail (weapon)
Missiles
 f - 17 boomerangs
 j - 9 poisoned darts
 s - 2 silver javelins (quivered)
 u - 4 atropa-tipped darts
Armour
 b - a +1 helmet (worn)
 d - a scarf of shadows (worn)
 h - a +0 scale mail (worn)
 l - a +0 pair of gloves (worn)
 n - a +2 buckler of cold resistance (worn)
Jewellery
 k - a ring of protection from cold (left hand)
Wands
 e - a wand of iceblast (23)
 m - a wand of polymorph (6)
Scrolls
 g - a scroll of vulnerability
 i - 2 scrolls of noise
 o - a scroll of holy word
 p - a scroll of teleportation
 r - a scroll of fog


   Skills:
 + Level 7.3 Fighting
 + Level 6.1 Maces & Flails
 - Level 4.1 Throwing
 - Level 2.8 Armour
 - Level 0.7 Dodging
 + Level 6.1 Invocations
 - Level 1.0 Evocations


You had 8 spell levels left.
You didn't know any spells.
Your spell library contained the following spells:

 Spells                   Type           Power      Damage    Failure   Level
 Passage of Golubria      Tloc           0%         N/A       100%        4
 Silence                  Hex/Air        0%         N/A       100%        5
 Lehudib's Crystal Spear  Conj/Erth      0%         10d2      100%        8


Dungeon Overview and Level Annotations

Branches:
Dungeon (8/15)             Temple (0/1) D:7
   Lair: D:8-11

Altars:
Dithmenos
Makhleb
Trog
Uskayaw
Vehumet
Wu Jian

Shops:
D:2 *(((   D:5 [

Annotations:
Abyss:1 Menkaure


Innate Abilities, Weirdness & Mutations

You are immune to poison.
Your flesh is cold resistant. (rC+)
You are immune to negative energy. (rN+++)
You are immune to unholy pain and torment.
You are vulnerable to heat. (rF-)
You do not drink.


Message History

The steam dragon hisses angrily.
A wyvern zombie comes into view.
You hit the necrophage.
The necrophage is lightly damaged.
Something unseen opens the door.
The necrophage closely misses you. The steam dragon breathes steam at you.
The ball of steam hits you! The steam scalds you terribly!
You hear a shout! x3
You hit the necrophage.
The necrophage is heavily damaged.
You are engulfed in a cloud of scalding steam.
The necrophage barely misses you. The steam dragon breathes steam at you.
The ball of steam hits you! The steam scalds you terribly!
You hear a shout!
The wyvern zombie bites you but does no damage.
A centaur comes into view.
The wyvern zombie bites you but does no damage.
You open the door.
The wyvern zombie bites you but does no damage.
There is an open door here.
You hit the wyvern zombie.
The wyvern zombie is lightly damaged.
The wyvern zombie bites you!
The wyvern zombie completely misses you.
The steam dragon breathes steam at you. The ball of steam misses you.
There is an open door here.
You sock the steam dragon!
The steam dragon is moderately wounded.
You thump the steam dragon!
The steam dragon is heavily wounded.
A centaur comes into view.
The steam dragon bites you. The steam dragon closely misses you.
You hit the steam dragon.
The steam dragon is severely wounded.
The steam dragon bites you. You block the steam dragon's attack.
The steam dragon breathes steam at you. The ball of steam hits you!!
The steam scalds you terribly!
You die...

.... .... #..#
#..## #. ###
#...# #.##..
#...# ......
#.@#### ......
#D##..# #.....
#c....#
#....n##.....#
....§D§......#
........=....#
#c##..##..#....
#.. #..######
#.. ....#


You could see a steam dragon (catching breath) and a centaur.

Vanquished Creatures
  Sigmund (D:3)
  A wyvern (D:6)
  An ice beast (D:6)
  A black bear (D:6)
  3 ogres
  A centaur (D:5)
  2 phantoms
  2 bullfrogs
  A kobold brigand (D:7)
  3 scorpions
  A water moccasin skeleton (D:5)
  5 killer bees (D:7)
  8 wights
  A howler monkey (D:6)
  4 orc priests
  A hound (D:4)
  2 jellies
  A gnoll shaman (D:4)
  A bullfrog skeleton (D:7)
  An iguana (D:6)
  A centaur skeleton (D:5)
  9 orc wizards
  A howler monkey zombie (D:5)
  A howler monkey skeleton (D:6)
  12 gnolls
  7 adders
  2 white imps (D:6)
  2 worms (D:4)
  A dart slug (D:1)
  22 orcs
  8 bats
  15 endoplasms
  4 giant cockroaches
  7 goblins
  6 hobgoblins
  6 jackals
  2 quokkas (D:3)
  9 ball pythons
  6 frilled lizards
  20 kobolds
  8 rats
190 creatures vanquished.

Vanquished Creatures (others)
  A wizard (D:7)
1 creature vanquished.

Grand Total: 191 creatures vanquished

Notes
Turn   | Place    | Note
-------+----------+-------------------------------------------
     0 | Abyss:1  | sizableburger the Mummy Abyssal Knight began the quest for
                  | the Orb.
     0 | Abyss:1  | Reached XP level 1. HP: 18/18 MP: 2/2
    58 | Abyss:1  | Noticed a blizzard demon
    70 | D:1      | Escaped the Abyss
   537 | D:1      | Reached XP level 2. HP: 24/24 MP: 3/3
   557 | D:1      | Reached * piety under Lugonu
  1117 | D:1      | Reached XP level 3. HP: 26/29 MP: 4/4
  2214 | D:2      | Found Xoas's Weapon Shoppe.
  2349 | D:2      | Found Aneifut's Assorted Antiques.
  2361 | D:2      | Reached XP level 4. HP: 35/35 MP: 5/5
  2394 | D:2      | Found Jifraihuxt's Weapon Shop.
  2400 | D:2      | Reached skill level 1 in Throwing
  2412 | D:2      | Reached ** piety under Lugonu
  2517 | D:3      | Noticed an ogre
  2672 | D:2      | Found Ybber's Antique Weapon Emporium.
  3414 | D:2      | Reached XP level 5. HP: 34/41 MP: 6/6
  4117 | D:3      | HP: 2/41 [orc priest/divine providence (9)]
  4882 | D:3      | Reached XP level 6. HP: 46/47 MP: 7/7
  5538 | D:3      | Reached skill level 5 in Maces & Flails
  5651 | D:4      | Reached *** piety under Lugonu
  6129 | D:4      | Reached skill level 4 in Fighting
  6129 | D:4      | Reached XP level 7. HP: 43/54 MP: 8/8
  6691 | D:5      | Entered Level 5 of the Dungeon
  7023 | D:5      | Noticed Menkaure
  7035 | D:5      | Banished Menkaure
  7331 | D:5      | Reached skill level 1 in Evocations
  7331 | D:5      | Reached XP level 8. HP: 52/61 MP: 10/10
  7502 | D:5      | Found Xennys's Antique Armour Emporium.
  7523 | D:5      | Reached skill level 5 in Fighting
  7531 | D:5      | Bought a glowing buckler for 217 gold pieces
  8007 | D:3      | Noticed Sigmund
  8021 | D:3      | Killed Sigmund
  8846 | D:6      | Reached skill level 6 in Fighting
  8865 | D:6      | Found a shadowy altar of Dithmenos.
  8986 | D:6      | Reached skill level 5 in Invocations
  9488 | D:4      | Reached **** piety under Lugonu
  9489 | D:4      | Reached XP level 9. HP: 36/70 MP: 12/12
 11254 | D:7      | Found a staircase to the Ecumenical Temple.
 11291 | D:7      | Reached skill level 7 in Fighting
 11445 | D:7      | Found a burning altar of Makhleb.
 11446 | D:7      | Found an ornate altar of the Wu Jian Council.
 11570 | D:7      | Found a bloodstained altar of Trog.
 11618 | D:7      | Found a hide-covered altar of Uskayaw.
 12065 | D:7      | Found a radiant altar of Vehumet.
 12208 | D:7      | Noticed a wizard
 12213 | D:7      | Killed a wizard
 12282 | D:8      | Killed from afar by a steam dragon

Illustrated notes

Levels and vault maps discovered:
D:1:      scummos_arrival_hexagon, layout_basic, minmay_ruptured
D:2:      layout_rooms, serial_shops, shop, nicolae_shop_bloodbath_and_beyond,
          nicolae_shop_behind_doors, shop, kennysheep_flooded_box,
          minmay_tiny_reverse_x
D:3:      layout_loops_corners, hangedman_glass_teeth, minmay_misc_feat_columns,
          uniq_sigmund
D:4:      layout_loops_ring, patterned_corridor
D:5:      layout_rooms, serial_shops, shop, uniq_menkaure
D:6:      layout_layer_cave, kennysheep_little_box, lemuel_flamethrower_2
D:7:      layout_loops_ring, nicolae_vehumet_radiance,
          nicolae_uskayaw_murder_on_the_dancefloor, trog_wizard,
          chequers_temple_overflow_statue_of_worship,
          minmay_temple_entry_overgrown
D:8:      layout_gridville, lemuel_coloured_pillars_altar, dpeg_lair_monsters

Skill      XL: |  1  2  3  4  5  6  7  8  9 |
---------------+----------------------------+-----
Invocations    | 2 3 5 6 |  6.1
Maces & Flails | 2 3 4 5 6 |  6.1
Throwing       | 1 3 4 |  4.1
Armour         | 2 |  2.8
Fighting       | 4 6 7 |  7.3
Evocations     | 1 |  1.0
Dodging        | |  0.7

Action                   |  1- 3 |  4- 6 |  7- 9 || total
-------------------------+-------+-------+-------++-------
Melee: Mace              |   122 |    54 |    84 ||   260
       Punch             |     4 |     2 |       ||     6
       Whip              |       |   124 |   240 ||   364
       Flail             |       |       |    88 ||    88
Throw: Dart              |     3 |    19 |    14 ||    36
       Javelin           |       |     5 |    10 ||    15
       Boomerang         |       |     2 |     5 ||     7
Invok: Depart the Abyss  |     1 |       |       ||     1
       Bend Space        |       |     3 |     6 ||     9
       Banish            |       |       |     1 ||     1
  Use: Scroll            |     2 |       |     5 ||     7
Armor: Leather armour    |    26 |       |       ||    26
       Ring mail         |    23 |    26 |       ||    49
       Scale mail        |       |    26 |   164 ||   190
Dodge: Dodged            |    85 |    71 |   150 ||   306
Block: Buckler           |       |       |    56 ||    56

Table legend: (Time is in decaauts)
 A = Elapsed time spent in this place.
 B = Non-inter-level travel time spent in this place.
 C = Inter-level travel time spent in this place.
 D = Time resting spent in this place.
 E = Time spent auto-exploring this place.
 F = Levels seen in this place.
 G = Mean time per level.
                   A        B        C        D        E       F      G
               +--------+--------+--------+--------+--------+-----+--------+
         Total |  12327 |  11772 |    555 |   3783 |   5763 |   9 | 1369.7 |
       Dungeon |  12257 |  11702 |    555 |   3737 |   5763 |   8 | 1532.1 |
         Abyss |     70 |     70 |      0 |     46 |      0 |   1 |   70.0 |
               +--------+--------+--------+--------+--------+-----+--------+

Top non-repeatable levels by time:
     D:1: 2660 daAuts
     D:4: 2084 daAuts
     D:3: 1969 daAuts
     D:6: 1811 daAuts
     D:7: 1445 daAuts
     D:2: 1167 daAuts
     D:5: 1085 daAuts
 Abyss:1: 70 daAuts
     D:8: 33 daAuts
